 Dungeon Crawl Stone Soup version bcrawl-1.37.2 (webtiles) character file.

Game seed: 11244671346289755058

58559 MisterOstroum the Skirmisher (level 1, -3/19 HPs)
             Began as a Centaur Abyssal Knight on Sept 16, 2022.
             Was an Initiate of Lugonu.
             Slain by a hobgoblin
             ... wielding a +0 club
              (6 damage)
             ... on level 2 of the Dungeon on Nov 4, 2022.
             The game lasted 00:03:27 (146 turns).

MisterOstroum the Skirmisher (CeAK)                  Turns: 146, Time: 00:03:27

Health: -3/19      AC:  5    Str: 17    XL:     1   Next: 33%
Magic:  2/2        EV:  8    Int: 10    God:    Lugonu [......]
Gold:   12         SH:  0    Dex:  9    Spells: 0/0 levels left

rFire    . . .     GDR:     22% f - +0 dagger
rCold    . . .     SeeInvis .   (no shield)
rNeg     . . .     Gourm    .   b - +0 ring mail
rPois    .         Faith    .   (no helmet)
rElec    .         Spirit   .   (no cloak)
rCorr    .         Reflect  .   (no gloves)
MR       .....                  (no barding)
Stlth    ..........             (no amulet)
HPRegen  0.13/turn              (no ring)
MPRegen  0.08/turn              (no ring)

@: very quick
A: large, hooves 3, deformed body, herbivore, speed 2, tough skin 3
a: Renounce Religion


You were on level 2 of the Dungeon.
You worshipped Lugonu.
Lugonu was noncommittal.
You were not hungry.

You visited 1 branch of the dungeon, and saw 2 of its levels.
You visited the Abyss 1 time.

You collected 12 gold pieces.

Inventory:

Hand Weapons
 a - a +0 flail
 f - a +0 dagger (weapon)
Missiles
 c - 9 tomahawks of dispersal (quivered) {=f}
 d - 137 stones
Armour
 b - a +0 ring mail (worn)
Comestibles
 e - 3 rations {!d}


   Skills:
 - Level 3.2 Fighting
 - Level 2.1 Maces & Flails
 + Level 1.5 Throwing
 - Level 1.7 Armour
 - Level 0.6 Dodging
 - Level 2.1 Invocations


You couldn't memorise any spells.
You didn't know any spells.
Your spell library was empty.

Dungeon Overview and Level Annotations

Branches:
Dungeon (2/12)

Altars:


Innate Abilities, Weirdness & Mutations

You have hooves in place of feet.
Armour fits poorly on your strangely shaped body.
You are a herbivore.
You cover ground very quickly.
You have extremely tough skin. (AC +3)


Message History

a +0 dagger; a kobold corpse
f - a +0 dagger The leopard gecko bites you.
The giant cockroach bites you but does no damage.
Wield which item (- for none, * to show all)? (? for menu, Esc to quit)
f - a +0 dagger (weapon)
The leopard gecko bites you.
You see here 10 gold pieces.
Autopickup is now off.
A goblin comes into view. It is wielding a +0 club.
The goblin shouts!
You hear a shout!
A kobold comes into view. It is wielding a +0 whip.
The kobold throws a stone.
The stone barely misses you.
A frilled lizard comes into view.
Throwing (i - inventory. (/) - cycle)
d - 142 stones (quivered)
Press: ? - help, Shift-Dir - straight line, f - goblin, p - kobold
Aim: a goblin, wielding a +0 club You throw a stone.
The stone barely misses the goblin.
The frilled lizard hisses angrily.
The kobold throws a stone.
The stone barely misses you.
The leopard gecko bites you but does no damage.
Throwing (i - inventory. (/) - cycle)
d - 141 stones (quivered)
Press: ? - help, Shift-Dir - straight line, f/p - goblin
Aim: a goblin, wielding a +0 club You throw a stone.
The stone closely misses the goblin.
The leopard gecko bites you.
The kobold throws a stone.
The stone closely misses you. The goblin hits you but does no damage.
The kobold barely misses you. The frilled lizard barely misses you.
The frilled lizard bites you.
* * * LOW HITPOINT WARNING * * *
Found a stone staircase leading down.
A frilled lizard comes into view.
The frilled lizard hisses angrily.
The leopard gecko bites you.
* * * LOW HITPOINT WARNING * * *
The frilled lizard bites you but does no damage.
You open the door.
A leopard gecko comes into view.
The leopard gecko hisses angrily.
Found a ring mail.
Found a stone staircase leading down.
There is an open door here.
A bat and a kobold come into view.
You close the door.
The bat closely misses you. The leopard gecko bites you.
* * * LOW HITPOINT WARNING * * *
The bat hits you but does no damage. The bat hits you but does no damage.
The leopard gecko closely misses you.
There is a stone staircase leading down here.
The bat hits you but does no damage. The bat hits you but does no damage.
The bat hits you but does no damage.
You closely miss the bat. The bat hits you but does no damage. x2
You hit the bat. Your kick misses the bat.
The bat is heavily wounded.
The bat hits you but does no damage.
You closely miss the bat. You kick the bat.
The bat is severely wounded.
The bat hits you but does no damage.
You hit the bat.
You kill the bat!
Lugonu accepts your kill.
The leopard gecko bites you but does no damage.
A leopard gecko comes into view.
The leopard gecko hisses angrily.
There is a stone staircase leading down here.
The leopard gecko bites you.
* * * LOW HITPOINT WARNING * * *
You climb downwards.
A bat and a hobgoblin come into view.
The hobgoblin shouts!
There is a stone staircase leading up here.
Throwing (i - inventory. (/) - cycle)
d - 140 stones (quivered)
Press: ? - help, Shift-Dir - straight line, f - hobgoblin
Aim: a hobgoblin, wielding a +0 club You throw a stone.
The stone hits the hobgoblin but does no damage.
Throwing (i - inventory. (/) - cycle)
d - 139 stones (quivered)
Press: ? - help, Shift-Dir - straight line, f/p - hobgoblin
Aim: a hobgoblin, wielding a +0 club You throw a stone.
The stone hits the hobgoblin.
The hobgoblin is moderately wounded.
You aren't carrying any potions.
Unknown command.
Throwing (i - inventory. (/) - cycle)
d - 138 stones (quivered)
Press: ? - help, Shift-Dir - straight line, f/p - hobgoblin
Aim: a hobgoblin, wielding a +0 club (moderately wounded)
You throw a stone. The stone barely misses the hobgoblin.
The stone hits the bat.
The bat is severely wounded.
Press: ? - help, v - describe, . - travel
There is a stone staircase leading up here.
No pillar selected.
Throwing (i - inventory. (/) - cycle)
c - 10 tomahawks of dispersal (quivered)
{=f}
Press: ? - help, Shift-Dir - straight line, f/p - hobgoblin
Aim: a hobgoblin, wielding a +0 club (moderately wounded)
You throw a tomahawk of dispersal {=f}.
The tomahawk of dispersal {=f} barely misses the hobgoblin.
The tomahawk of dispersal {=f} barely misses the bat.
The hobgoblin hits you with a +0 club.
You die...

###
#@#
#g#
#b#
#.#
#.#
..#
#.#
...


You could see a hobgoblin and a bat.

Vanquished Creatures
  A bat (D:1)
  A frilled lizard (D:1)
  A kobold (D:1)
3 creatures vanquished.

Notes
Turn   | Place    | Note
-------+----------+-------------------------------------------
     0 | Abyss:1  | MisterOstroum the Centaur Abyssal Knight began the quest
                  | for the Orb.
     0 | Abyss:1  | Reached XP level 1. HP: 19/19 MP: 2/2
     0 | Abyss:1  | Upgraded the game from bcrawl-1.36.5b to bcrawl-1.37.2
    22 | Abyss:1  | Noticed a small abomination
    23 | Abyss:1  | Noticed a small abomination
    24 | Abyss:1  | Noticed a worldbinder
    26 | D:1      | Escaped the Abyss
   146 | D:2      | Slain by a hobgoblin

Action                   || total
-------------------------++-------
Melee: Flail             ||     4
       Dagger            ||     4
       Kick              ||     2
Throw: Stone             ||    10
       Tomahawk          ||     1
Invok: Depart the Abyss  ||     1
Armor: Ring mail         ||    19
Dodge: Dodged            ||    15
